nht, chaotic male human Monk ----. ..| |...- ..@- |.... ..GG. |..[. ...)*.. |......).).. -<..)...... .....[.... ... nht the Initiate Experience level: 6 Strength: 15 Dexterity: 15 Constitution: 10 Intelligence: 12 Wisdom: 16 Charisma: 9 Health: 0(43) Energy: 15(29) Def: 10 Gold: 541 Moves: 805 Dungeon seed: Z2W5bugJsHqkygWW Game ID: nht_1431847429 Your Inventory: Coins $ - 541 gold pieces Weapons u - 3 +0 arrows A - 7 +0 crossbow bolts H - 5 cursed -2 crossbow bolts Armor e - an uncursed +2 pair of leather gloves (being worn) n - an uncursed +1 robe (being worn) q - an uncursed +0 pair of kicking boots (being worn) y - an uncursed +0 pair of kicking boots I - an uncursed +0 oilskin cloak K - an uncursed +0 dwarvish cloak O - an uncursed +0 dwarvish cloak R - an uncursed +0 dwarvish cloak Comestibles d - 7 uncursed food rations f - 6 uncursed apples g - 7 uncursed oranges h - 3 uncursed fortune cookies j - 2 uncursed lichen corpses L - a cursed tin of hobgoblin meat Scrolls b - an uncursed scroll of remove curse k - an uncursed scroll of blank paper o - an uncursed scroll of scare monster J - a blessed scroll of create monster Spellbooks a - a blessed spellbook of protection m - an uncursed spellbook of cure blindness Potions c - 2 uncursed potions of healing E - a cursed potion of confusion M - an uncursed potion of full healing Rings t - an uncursed ring of polymorph control w - an uncursed ring of searching Wands l - a wand of opening (0:4) r - a wand of enlightenment (0:11) x - a wand of teleportation (0:5) G - a wand of striking (0:3) Tools i - a magic marker (0:95) v - an uncursed lock pick C - an uncursed tin whistle D - an uncursed oil lamp (0:1397) F - 3 uncursed wax candles (0:400) T - 6 blessed tallow candles (0:200) Gems z - an uncursed worthless piece of black glass B - an uncursed worthless piece of yellowish brown glass N - an uncursed worthless piece of violet glass P - an uncursed topaz stone Y - 2 uncursed fluorite stones Spells known in the end: Name Level Category Fail Memory a - protection 1 clerical 0% 96% Your skills at the end: Fighting Skills martial arts [Basic] Weapon Skills Spellcasting Skills healing spells [Basic] Final Attributes: You were piously aligned. You were sleep resistant. You were poison resistant. You saw invisible. You were stealthy. You were protected. You were fast. You are dead. Vanquished creatures: 2 gnome kings 4 gnome lords a gnomish wizard 6 dwarves a hobbit a large kobold 15 gnomes a gecko a goblin 3 lichens a newt 36 creatures vanquished. Voluntary challenges: You followed a strict vegan diet. You were an atheist. You never hit with a wielded weapon. You read items or engraved 5 times, starting on turn 93. You never genocided any monsters. You never polymorphed an object. You never changed form. You used no wishes. You never split a pudding. You wrote Elbereth's name 4 times, starting on turn 93. You never violated your personal moral code. You disabled loading bones files. Dungeon overview: The Dungeons of Doom: levels 1 to 4 Level 1 a long staircase Level 2 Level 3 stairs to The Gnomish Mines Level 4 The Gnomish Mines: levels 4 to 6 Level 4 stairs to The Dungeons of Doom Level 5 Level 6 <- You were here History has recorded: On T:1 you entered the Dungeons of Doom to retrieve the Amulet of Yendor! On T:90 you reached level 2 of The Dungeons of Doom. On T:115 you reached level 3 of The Dungeons of Doom. On T:383 you advanced to experience level 2. On T:396 you reached level 4 of The Dungeons of Doom. On T:523 you reached level 1 of The Gnomish Mines. On T:563 you advanced to experience level 3. On T:600 you advanced to experience level 4. On T:654 you reached level 2 of The Gnomish Mines. On T:695 you advanced to experience level 5. On T:752 you reached level 3 of The Gnomish Mines. On T:790 you advanced to experience level 6. Score breakdown: Gold: 541 ( 9300 points) Experience: 6 levels (12456 points) Exploration: 6 levels ( 12.50%) ( 9784 points) Discoveries: 3 items ( 1.07%) ( 3099 points) Valuables value: (no points given unless you survive) Artifact value: 0 ( 0 points) Variety of kills: 11 monsters ( 2.90%) ( 5110 points) Time penalty: 805 turns ( 0 points) Survival: died (score multiplied by 80%) Total score: 31799 Latest messages: You hit the gnome king. The gnome king thrusts his broad short sword. The gnome king hits! The gnome thrusts one of her daggers. The gnome hits! You die... Final status: Goodbye nht the Monk, killed by a gnome... You died in The Gnomish Mines on dungeon level 6 with 31799 points, and 541 pieces of gold, after 805 moves. You were level 6 with a maximum of 43 hit points when you died.